cohdb
Replays
Latest Replays
All Replays
Popular Replays
Top Player Replays
Match Explorer
How It Works
Community
CoH3 Stats
Reddit
Sign in to upload your games and track your stats! →
Sign in with Steam
Match 26590880
Unlisted
Match 26590880
Overview
Messages
Build Orders
End
Construct Section Command Post
Infantry Section
Dingo Light Scout Car
Infantry Section
Infantry Section
Selects Indian Artillery Battlegroup
Selects War Cry
ML 3-inch Mortar Team
Construct Platoon Command Post
Selects Towed ML 4.2-inch Heavy Mortar
6-pounder Anti-tank Gun Team
Construct Company Command Post
Foot Guards Section
Selects Gurkha Rifles Section
Matilda II Heavy Tank
Selects Volunteer Infantry
Unlock M3 Grant Medium Tanks
Foot Guards Section
Selects Off-map Airburst Barrage
Off-map Airburst Barrage
M3 Grant Medium Tank
Crusader II Medium Tank
Crusader II Medium Tank
SneaKerz
gb_gbg
TTVFlekz127
PoppaMies
0
0
Comments
sign in to comment!
No comments posted yet!